 Dungeon Crawl Stone Soup version 0.28.0 (webtiles) character file.

Game seed: 5255275264387418793

4685 Destapler the Chiller (level 10, -3/80 HPs)
             Began as a Demigod Ice Elementalist on Feb 5, 2022.
             Slain by Harold (16 damage)
             ... on level 8 of the Dungeon.
             The game lasted 00:56:45 (12623 turns).

Destapler the Chiller (Demigod Ice Elementalist)   Turns: 12623, Time: 00:56:47

Health: -3/80      AC:  6    Str: 13    XL:     10   Next: 1%
Magic:  13/19      EV: 13    Int: 23    God:
Gold:   314        SH: 11    Dex: 18    Spells: 8/17 levels left

rFire   . . .      SeeInvis +   b - +2 mace (protect)
rCold   + . .      Faith    .   f - +0 buckler
rNeg    . . .      Spirit   .   o - +0 robe
rPois   .          Reflect  +   v - +1 helmet {SInv}
rElec   .          Harm     .   y - +0 cloak
rCorr   .          Rampage  .   (no gloves)
Will    +....                   (no boots)
Stlth   +++.......              x - amulet of reflection
HPRegen 0.23/turn               q - ring of protection from cold
MPRegen 0.16/turn               (no ring)

@: brilliant, marked
A: high MP 1, forlorn, divine attributes, clever 1, shaggy fur 1, MP-powered
wands
a: no special abilities


You were on level 8 of the Dungeon.
You visited 1 branch of the dungeon, and saw 8 of its levels.

You collected 314 gold pieces.

Inventory:

Hand Weapons
 a - a +0 short sword of holy wrath
 b - a +2 mace of protection (weapon)
 e - a +1 dagger of holy wrath
Armour
 f - a +0 buckler (worn)
 l - a +0 ring mail of fire resistance
 o - a +0 robe (worn)
 v - a +1 helmet of see invisible (worn)
 y - a +0 cloak (worn)
 z - a +0 troll leather armour
Jewellery
 q - a ring of protection from cold (left hand)
 x - an amulet of reflection (around neck)
Wands
 n - a wand of polymorph (10)
Scrolls
 c - 4 scrolls of identify
 d - a scroll of acquirement {unknown}
 h - 2 scrolls of magic mapping
 i - 2 scrolls of teleportation
 j - a scroll of fear
 m - a scroll of blinking {unknown}
 r - a scroll of vulnerability
 s - a scroll of amnesia {unknown}
 t - a scroll of torment {unknown}
 w - a scroll of enchant armour {unknown}
 A - a scroll of brand weapon {unknown}
Potions
 g - 3 potions of degeneration
 k - 2 potions of attraction
 p - 2 potions of brilliance


   Skills:
 + Level 4.4 Fighting
 + Level 2.7 Short Blades
 + Level 2.7 Maces & Flails
 - Level 2.0 Armour
 + Level 3.5 Dodging
 + Level 4.5 Stealth
 + Level 4.5 Shields
 - Level 4.0 Spellcasting
 - Level 5.0 Conjurations
 - Level 5.0 Ice Magic
 - Level 5.0 Air Magic
 + Level 3.5 Evocations


You had 8 spell levels left.
You knew the following spells:

 Your Spells              Type           Power      Damage    Failure   Level
a - Freeze                Ice            100%       1d11      1%          1
b - Shock                 Conj/Air       100%       1d9       1%          1
f - Airstrike             Air            20%        N/A       17%         4
z - Ozocubu's Armour      Ice            41%        N/A       4%          3

Your spell library contained the following spells:

 Spells                   Type           Power      Damage    Failure   Level
 Frozen Ramparts          Ice            82%        1d10      4%          3
 Swiftness                Air            41%        N/A       4%          3
 Dazzling Flash           Conj/Hex       48%        N/A       14%         3
 Hailstorm                Conj/Ice       41%        3d10      17%         4
 Iskenderun's Mystic Bla  Conj/Tloc      24%        2d7       43%         4
 Animate Dead             Necr           3%         N/A       78%         4
 Borgnjor's Vile Clutch   Necr/Erth      3%         N/A       98%         5
 Death Channel            Necr           3%         N/A       100%        6
 Starburst                Conj/Fire      12%        6d5       100%        6


Dungeon Overview and Level Annotations

Branches:
Dungeon (8/15)             Temple (0/1) D:4
   Lair: D:8-11

Shops:
D:2 ?[!   D:4 (

Annotations:
D:8 Harold


Innate Abilities, Weirdness & Mutations

You have an increased reservoir of magic. (+10% MP)
You shall have no god before yourself.
Your divine heritage dramatically boosts your attributes as you level up.
Your mind is acute. (Int +2)
You are covered in fur. (AC +1)
You expend magic power (3 MP) to strengthen your wands.


Message History

The harpoon shot reflects off an invisible shield around you!
The harpoon shot hits Harold but does no damage.
Harold casts a spell at you.
You barely resist.
The zap hits Harold.
Harold is lightly wounded.
The zap hits Harold but does no damage.
Harold is lightly wounded.
The zap misses Harold.
Harold fires a harpoon shot at you. The harpoon shot hits you!
You are yanked forward by the harpoon shot.
That beam is likely to hit you.
Continue anyway? [Y]es or [N]o only, please.
That beam is likely to hit you.
Continue anyway?
Okay, then.
Harold fires a harpoon shot at you. The harpoon shot hits you!
* * * LOW HITPOINT WARNING * * *
You are yanked forward by the harpoon shot.
The zap hits Harold.
Harold is moderately wounded.
The zap hits Harold.
Harold is moderately wounded.
Harold hits you with a +0 scimitar!!
* * * LOW HITPOINT WARNING * * *
You are too injured to fight recklessly!
Unknown command.
You feel clever all of a sudden. You block Harold's attack.
You are too injured to fight recklessly!
Aiming: Shock (safe; 1% risk of failure)
Press: ? - help, Q - select action, (/) - cycle Shift-Dir - straight line, f/p - Harold
Aim: Harold, wielding a +0 scimitar and wearing a +2 scale mail of cold resistance (moderately wounded, 84% to hit)
You feel a surge of power!
The zap hits Harold but does no damage.
Harold is moderately wounded.
The zap hits Harold.
Harold is moderately wounded.
Harold hits you with a +0 scimitar!
You die...

#....# #...>........# ##.#.#
#.##########.# #.#.#######.#
#.##### #.#.#.......####
#†#...#
#.#.####.......#######.#....
#.#....'..........)....#...#
##^######.......#########...#
#............<..'.......)....
#########...@@..#...##.......
#.......>....'......[
####........##.......
#........##.......
#........##.......
#.####...#########
#.####...## ##.##......#
#..........#


You could see Harold.

Vanquished Creatures
  A kobold demonologist (D:7)
  A troll (D:7)
  2 hornets (D:8)
  Sigmund (D:6)
  A steam dragon (D:8)
  Duvessa (D:5)
  An orc warrior (D:8)
  6 water moccasins
  A hornet zombie (D:5)
  2 ice beasts
  A sky beast (D:8)
  A black bear (D:8)
  2 ogres
  3 necrophages
  4 centaurs
  A phantom (D:4)
  3 kobold brigands
  A bullfrog (D:8)
  3 scorpions
  Dowan (D:5)
  A water moccasin skeleton (D:7)
  3 wights (D:6)
  4 hounds
  3 bullfrog skeletons
  2 orc priests
  2 centaur skeletons
  3 iguanas (D:6)
  4 orc wizards
  A hound skeleton (D:5)
  Robin (D:1)
  7 adders
  2 white imps
  6 worms
  4 dart slugs
  16 orcs
  7 ball pythons
  7 bats
  9 endoplasms
  5 giant cockroaches
  15 goblins
  6 hobgoblins
  7 jackals
  4 quokkas
  5 frilled lizards
  15 kobolds
  8 rats
184 creatures vanquished.

Vanquished Creatures (others)
  7 plants (D:4)
7 creatures vanquished.

Grand Total: 191 creatures vanquished

Notes
Turn   | Place    | Note
-------+----------+-------------------------------------------
     0 | D:1      | Destapler the Demigod Ice Elementalist began the quest for
                  | the Orb.
     0 | D:1      | Reached XP level 1. HP: 14/14 MP: 5/5
   755 | D:1      | Reached XP level 2. HP: 20/22 MP: 4/7
  1006 | D:1      | Reached skill level 1 in Fighting
  1450 | D:1      | Reached XP level 3. HP: 28/28 MP: 5/8
  1870 | D:2      | Learned a level 3 spell: Ozocubu's Armour
  1906 | D:2      | Found Doritet's Armour Emporium.
  1925 | D:2      | Found Vaptymn's Distillery.
  2068 | D:2      | Found Zibakak's Magic Scroll Emporium.
  2302 | D:2      | Reached skill level 1 in Shields
  2622 | D:2      | Noticed Robin
  2694 | D:1      | Killed Robin
  2797 | D:2      | Reached XP level 4. HP: 30/35 MP: 6/9
  3894 | D:3      | Noticed a necrophage
  4029 | D:3      | Learned a level 1 spell: Shock
  4647 | D:3      | Reached XP level 5. HP: 39/41 MP: 3/10
  4725 | D:4      | Found Lelut's Weapon Shop.
  5217 | D:4      | Found a staircase to the Ecumenical Temple.
  5298 | D:4      | Reached skill level 1 in Air Magic
  5298 | D:4      | Reached skill level 1 in Evocations
  5510 | D:4      | Reached skill level 1 in Conjurations
  5736 | D:4      | Reached XP level 6. HP: 46/48 MP: 6/12
  6077 | D:5      | Entered Level 5 of the Dungeon
  6112 | D:5      | Noticed a water moccasin
  6126 | D:5      | Killed a water moccasin
  6237 | D:5      | Identified the +7 arbalest of Wiomn {freeze, rPois Dex+5}
  6590 | D:5      | Reached XP level 7. HP: 50/55 MP: 8/14
  7589 | D:6      | Noticed Dowan
  7590 | D:6      | Noticed Duvessa
  7608 | D:5      | Killed Duvessa
  7609 | D:5      | Reached XP level 8. HP: 50/62 MP: 3/15
  7628 | D:5      | Killed Dowan
  7959 | D:6      | Noticed Sigmund
  7981 | D:6      | Killed Sigmund
  8140 | D:6      | Reached skill level 1 in Short Blades
  8288 | D:6      | Reached skill level 1 in Armour
  8313 | D:6      | Reached skill level 1 in Maces & Flails
  8924 | D:7      | Noticed a troll
  8963 | D:7      | Killed a troll
  8964 | D:7      | Reached XP level 9. HP: 46/71 MP: 6/17
  9114 | D:7      | Gained mutation: You expend magic power (3 MP) to
                  | strengthen your wands. [potion of mutation]
  9114 | D:7      | Gained mutation: You are covered in fur. (AC +1) [potion of
                  | mutation]
  9114 | D:7      | Gained mutation: Your mind is acute. (Int +2) [potion of
                  | mutation]
 10203 | D:7      | Noticed a kobold demonologist
 10303 | D:7      | Noticed an orange demon
 10309 | D:7      | Killed a kobold demonologist
 10310 | D:7      | Reached skill level 5 in Ice Magic
 10406 | D:7      | Reached skill level 5 in Conjurations
 10406 | D:7      | Reached skill level 5 in Air Magic
 10411 | D:7      | Learned a level 4 spell: Airstrike
 11461 | D:8      | HP: 4/108 [poisoned by a water moccasin]
 11465 | D:8      | HP: 1/108 [poisoned by a water moccasin]
 12100 | D:8      | Noticed Harold
 12287 | D:8      | Reached XP level 10. HP: 72/80 MP: 14/19
 12623 | D:8      | Slain by Harold

Illustrated notes

Levels and vault maps discovered:
D:1:      dpeg_chamrin_arrival_tetris, layout_basic,
          hellmonk_ecumenical_altar_leap_of_faith, serial_glass,
          glass_columns_a, glass_columns_a, glass_columns_a,
          due_unseen_surprise, item_on_display_a
D:2:      layout_loops_ring, serial_shops, nicolae_square_shop,
          nicolae_shop_waterfront, shop, minmay_misc_feat_cross,
          nicolae_wormholes, uniq_robin
D:3:      layout_loops_ring, kennysheep_ying_yang, mainiacjoe_overflow_catwalk,
          nicolae_uskayaw_dance_hall
D:4:      layout_rooms, minmay_temple_entry_enclosed_plants, serial_shops,
          nicolae_shop_bloodbath_and_beyond
D:5:      layout_loops_ring
D:6:      layout_cave_pools, uniq_duvessa, uniq_sigmund
D:7:      layout_basic
D:8:      layout_basic, nicolae_ru_awakened_eye, uniq_harold

Skill      XL: |  1  2  3  4  5  6  7  8  9 |
---------------+----------------------------+-----
Stealth        | 2 3 4 |  4.5
Dodging        | 2 3 |  3.5
Spellcasting   | 2 3 4 |  4.0
Fighting       | 1 2 4 |  4.4
Shields        | 1 2 3 4 |  4.5
Ice Magic      | 4 5 |  5.0
Air Magic      | 1 2 3 4 5 |  5.0
Evocations     | 1 2 3 |  3.5
Conjurations   | 1 3 4 5 |  5.0
Short Blades   | 1 2 |  2.7
Armour         | 1 2 |  2.0
Maces & Flails | 1 2 |  2.7

Action                   |  1- 3 |  4- 6 |  7- 9 | 10-12 || total
-------------------------+-------+-------+-------+-------++-------
Melee: Unarmed           |     8 |       |       |       ||     8
       Dagger            |    15 |       |       |       ||    15
       Mace              |    11 |    19 |    29 |       ||    59
       Short sword       |       |       |    44 |       ||    44
 Cast: Freeze            |    70 |    79 |   108 |     4 ||   261
       Ozocubu's Armour  |     3 |     1 |    18 |     1 ||    23
       Shock             |       |    83 |   184 |     7 ||   274
       Airstrike         |       |       |     1 |       ||     1
  Use: Potion            |       |       |    10 |     1 ||    11
       Scroll            |       |       |     6 |       ||     6
 Stab: Sleeping          |     3 |     1 |     2 |       ||     6
Armor: Robe              |    18 |    20 |    72 |       ||   110
       Skin              |       |       |     6 |       ||     6
Dodge: Dodged            |    58 |    83 |   123 |     3 ||   267
Block: Buckler           |    11 |    37 |   109 |     7 ||   164
       Reflection        |       |       |    10 |     4 ||    14
